NWL (28 & UNDER)
RIVERSIDE RED BULLS @ MOOSE JAW GHOSTBUSTERS
06/24/2026
 
TOP OF THE 1ST
Riverside Red Bulls batting - Pitching for Moose Jaw Ghostbusters : RHP Ken Rogers
Pitching: RHP Ken Rogers
Batting: RHB Tom Howe 0-0: Foul Ball, location: 2F
0-1: Ball
1-1: SINGLE (Groundball, 6MD) (infield hit)
Batting: RHB Pedro Mata 0-0: Ball
1-0: Called Strike
1-1: Ball
Tom Howe steals 2nd base
2-1: Ball
Tom Howe steals 3rd base
3-1: Foul Ball, location: 2F
3-2: DOUBLE (Line Drive, 3D)
Tom Howe scores
Batting: LHB Paco Rivera 0-0: Ball
1-0: SINGLE (Line Drive, 8LS)
Pedro Mata to third
Batting: RHB Earnest Finnegan 0-0: Called Strike
0-1: Swinging Strike
0-2: Ball
Wild Pitch!
Pedro Mata scores
Paco Rivera to second
1-2: Strikes out swinging
Batting: RHB Brandon Pope 0-0: SINGLE (Flyball, 89S)
Paco Rivera to third
Runner from 3rd tries for Home, SAFE, throw made home
Batting: LHB Mike Petersen 0-0: Called Strike
0-1: Foul Ball, location: 2F
0-2: Ball
1-2: Fielders Choice at 2nd, 3-6 (Groundball, 3)
Batting: RHB Fernando Gálvez 0-0: Ball
1-0: Foul Ball, location: 2F
1-1: Ball
2-1: Foul Ball, location: 2F
2-2: Foul Ball, location: 2F
2-2: Ball
3-2: Ground out U3 (Groundball, 3S)
Top of the 1st over - 3 run(s), 4 hit(s), 0 error(s), 1 left on base; Riverside 3 - Moose Jaw 0
BOTTOM OF THE 1ST
Moose Jaw Ghostbusters batting - Pitching for Riverside Red Bulls : RHP Guy Hebert
Pitching: RHP Guy Hebert
Batting: RHB Dan Hooper 0-0: Called Strike
0-1: Foul Ball, location: 2F
0-2: Ball
1-2: Strikes out swinging
Batting: LHB Will Vale 0-0: Ball
1-0: Foul Ball, location: 2F
1-1: Fly out, F5 (Popup, 15)
Batting: RHB John Major 0-0: Ball
1-0: SINGLE (Groundball, 4MD)
Batting: RHB Paco Hernández 0-0: Ball
1-0: Ball
2-0: Ball
3-0: Base on Balls
John Major to second
Batting: LHB Dave Stewart 0-0: Called Strike
0-1: Ball
1-1: Foul Ball, location: 2F
1-2: Fly out, F5 (Popup, 5F)
Bottom of the 1st over - 0 run(s), 1 hit(s), 0 error(s), 2 left on base; Riverside 3 - Moose Jaw 0
TOP OF THE 2ND
Riverside Red Bulls batting - Pitching for Moose Jaw Ghostbusters : RHP Ken Rogers
Batting: RHB Kevin Brown 0-0: Ground out 6-3 (Groundball, 6M)
Batting: SHB Luis Alonso 0-0: Called Strike
0-1: Ground out 1-3 (Groundball, 13)
Batting: RHB Tom Howe 0-0: Ground out 6-3 (Groundball, 6)
Top of the 2nd over - 0 run(s), 0 hit(s), 0 error(s), 0 left on base; Riverside 3 - Moose Jaw 0
BOTTOM OF THE 2ND
Moose Jaw Ghostbusters batting - Pitching for Riverside Red Bulls : RHP Guy Hebert
Batting: RHB Luis Miguel Sánchez 0-0: DOUBLE (Line Drive, 8LM)
Batting: RHB Ángel García 0-0: Called Strike
0-1: Ball
1-1: Foul Ball, location: 2F
1-2: Strikes out swinging
Batting: RHB Juan Vázquez 0-0: Called Strike
0-1: SINGLE (Line Drive, 78M)
Luis Miguel Sánchez to third
Batting: LHB John Robbins 0-0: Called Strike
0-1: Called Strike
Juan Vázquez steals 2nd base
0-2: Ball
1-2: Ball
2-2: Ball
3-2: Ground out 5-3 (Groundball, 56S)
Luis Miguel Sánchez scores
Juan Vázquez to third
Batting: RHB Dan Hooper 0-0: Ball
1-0: Foul Ball, location: 2F
1-1: Ball
2-1: SINGLE (Groundball, 56)
Juan Vázquez scores
Batting: LHB Will Vale 0-0: Ball
1-0: SINGLE (Groundball, 6MD)
Dan Hooper to second
Batting: RHB John Major 0-0: Called Strike
0-1: Swinging Strike
0-2: Strikes out swinging
Bottom of the 2nd over - 2 run(s), 4 hit(s), 0 error(s), 2 left on base; Riverside 3 - Moose Jaw 2
TOP OF THE 3RD
Riverside Red Bulls batting - Pitching for Moose Jaw Ghostbusters : RHP Ken Rogers
Batting: RHB Pedro Mata 0-0: Ground out 6-3 (Groundball, 6)
Batting: LHB Paco Rivera 0-0: Fly out, F7 (Flyball, 7D)
Batting: RHB Earnest Finnegan 0-0: Foul Ball, location: 2F
0-1: Fly out, F2 (Popup, 2RF)
Top of the 3rd over - 0 run(s), 0 hit(s), 0 error(s), 0 left on base; Riverside 3 - Moose Jaw 2
BOTTOM OF THE 3RD
Moose Jaw Ghostbusters batting - Pitching for Riverside Red Bulls : RHP Guy Hebert
Batting: RHB Paco Hernández 0-0: Called Strike
0-1: Ball
1-1: Ball
2-1: Foul Ball, location: 2F
2-2: Ball
3-2: Strikes out swinging
Batting: LHB Dave Stewart 0-0: Called Strike
0-1: Foul Ball, location: 2F
0-2: Ball
1-2: SINGLE (Groundball, 6MD) (infield hit)
Batting: RHB Luis Miguel Sánchez 0-0: Ball
1-0: Ball
2-0: Swinging Strike
2-1: Foul Ball, location: 2F
2-2: Foul Ball, location: 2F
2-2: Ball
3-2: Base on Balls
Dave Stewart to second
Batting: RHB Ángel García 0-0: Called Strike
0-1: Grounds into double play, 6-4-3 (Groundball, 6M)
Bottom of the 3rd over - 0 run(s), 1 hit(s), 0 error(s), 1 left on base; Riverside 3 - Moose Jaw 2
TOP OF THE 4TH
Riverside Red Bulls batting - Pitching for Moose Jaw Ghostbusters : RHP Ken Rogers
Batting: RHB Brandon Pope 0-0: Ground out 6-3 (Groundball, 6MD)
Batting: LHB Mike Petersen 0-0: Called Strike
0-1: Ball
1-1: Ball
2-1: Bunt for hit - play at first, batter OUT! 1-3
Batting: RHB Fernando Gálvez 0-0: Called Strike
0-1: Called Strike
0-2: Strikes out swinging
Top of the 4th over - 0 run(s), 0 hit(s), 0 error(s), 0 left on base; Riverside 3 - Moose Jaw 2
BOTTOM OF THE 4TH
Moose Jaw Ghostbusters batting - Pitching for Riverside Red Bulls : RHP Guy Hebert
Batting: RHB Juan Vázquez 0-0: Fly out, F5 (Line Drive, 56S)
Batting: LHB John Robbins 0-0: Ground out 4-3 (Groundball, 4M)
Batting: RHB Dan Hooper 0-0: Called Strike
0-1: Called Strike
0-2: Foul Ball, location: 2F
0-2: Foul Ball, location: 2F
0-2: Strikes out swinging
Bottom of the 4th over - 0 run(s), 0 hit(s), 0 error(s), 0 left on base; Riverside 3 - Moose Jaw 2
TOP OF THE 5TH
Riverside Red Bulls batting - Pitching for Moose Jaw Ghostbusters : RHP Ken Rogers
Batting: RHB Kevin Brown 0-0: Ball
1-0: Called Strike
1-1: Ball
2-1: Swinging Strike
2-2: Ball
3-2: Foul Ball, location: 2F
3-2: Base on Balls
Batting: SHB Luis Alonso 0-0: Ball
1-0: Ball
2-0: Called Strike
2-1: Swinging Strike
2-2: Foul Ball, location: 2F
2-2: Strikes out swinging
Batting: RHB Tom Howe 0-0: Called Strike
0-1: Foul Ball, location: 2F
0-2: Foul Ball, location: 2F
0-2: Ball
1-2: Grounds into double play, 5-4-3 (Groundball, 5)
Top of the 5th over - 0 run(s), 0 hit(s), 0 error(s), 0 left on base; Riverside 3 - Moose Jaw 2
BOTTOM OF THE 5TH
Moose Jaw Ghostbusters batting - Pitching for Riverside Red Bulls : RHP Guy Hebert
Batting: LHB Will Vale 0-0: Ball
1-0: Called Strike
1-1: Swinging Strike
1-2: Foul Ball, location: 2F
1-2: Strikes out swinging
Batting: RHB John Major 0-0: Swinging Strike
0-1: Ball
1-1: Ball
2-1: Foul Ball, location: 2F
2-2: Strikes out looking
Batting: RHB Paco Hernández 0-0: Ball
1-0: Ball
2-0: Ball
3-0: Called Strike
3-1: Base on Balls
Batting: LHB Dave Stewart 0-0: Swinging Strike
0-1: Ball
1-1: Swinging Strike
1-2: Foul Ball, location: 2F
1-2: Strikes out swinging
Bottom of the 5th over - 0 run(s), 0 hit(s), 0 error(s), 1 left on base; Riverside 3 - Moose Jaw 2
TOP OF THE 6TH
Riverside Red Bulls batting - Pitching for Moose Jaw Ghostbusters : RHP Ken Rogers
Batting: RHB Pedro Mata 0-0: SINGLE (Line Drive, 8LS)
Batting: LHB Paco Rivera 0-0: Ball
1-0: DOUBLE (Line Drive, 3L)
Pedro Mata to third
Batting: RHB Earnest Finnegan 0-0: Called Strike
0-1: Swinging Strike
0-2: Foul Ball, location: 2F
0-2: Ball
1-2: Ball
2-2: Strikes out looking
Batting: RHB Brandon Pope 0-0: Foul Ball, location: 2F
0-1: Swinging Strike
0-2: Fly out, F7 (Flyball, 7LD)
Runner from 3rd tags up, SCORES, no throw
Batting: LHB Mike Petersen 0-0: Called Strike
0-1: Ball
1-1: Foul Ball, location: 2F
1-2: SINGLE (Line Drive, 9S)
Paco Rivera to third
Batting: RHB Fernando Gálvez 0-0: Called Strike
0-1: Swinging Strike
0-2: Ball
1-2: Strikes out swinging
Top of the 6th over - 1 run(s), 3 hit(s), 0 error(s), 2 left on base; Riverside 4 - Moose Jaw 2
BOTTOM OF THE 6TH
Moose Jaw Ghostbusters batting - Pitching for Riverside Red Bulls : RHP Guy Hebert
Batting: RHB Luis Miguel Sánchez 0-0: Ball
1-0: Called Strike
1-1: Swinging Strike
1-2: SINGLE (Line Drive, 7LS)
Batting: RHB Ángel García 0-0: Called Strike
0-1: Swinging Strike
0-2: Ball
1-2: Ball
2-2: Foul Ball, location: 2F
2-2: Ball
3-2: Base on Balls
Luis Miguel Sánchez to second
Pitching: RHP Emílio Núñez
Batting: RHB Juan Vázquez 0-0: Called Strike
0-1: Fly out, F8 (Flyball, 8RM)
Batting: LHB John Robbins 0-0: Ball
1-0: Fly out, F6 (Line Drive, 6)
Batting: RHB Dan Hooper 0-0: Ball
1-0: Swinging Strike
1-1: Foul Ball, location: 2F
1-2: Ball
2-2: Ball
3-2: Base on Balls
Luis Miguel Sánchez to third
Ángel García to second
Batting: LHB Will Vale 0-0: Ball
1-0: Ground out 5-3 (Groundball, 5L)
Bottom of the 6th over - 0 run(s), 1 hit(s), 0 error(s), 3 left on base; Riverside 4 - Moose Jaw 2
TOP OF THE 7TH
Riverside Red Bulls batting - Pitching for Moose Jaw Ghostbusters : RHP Ken Rogers
Pitching: RHP Bennett Greer
Batting: RHB Kevin Brown 0-0: Called Strike
0-1: Ground out 1-3 (Groundball, 13S)
Batting: SHB Luis Alonso 0-0: Ball
1-0: Called Strike
1-1: Foul Ball, location: 2F
1-2: Ball
2-2: Ball
3-2: Ground out 4-3 (Groundball, 4)
Batting: RHB Tom Howe 0-0: Ball
1-0: Ball
2-0: DOUBLE (Line Drive, 78M)
Batting: RHB Pedro Mata 0-0: Ball
1-0: Foul Ball, location: 2F
1-1: Foul Ball, location: 2F
1-2: Foul Ball, location: 2F
1-2: Fly out, F8 (Flyball, 8LM)
Top of the 7th over - 0 run(s), 1 hit(s), 0 error(s), 1 left on base; Riverside 4 - Moose Jaw 2
BOTTOM OF THE 7TH
Moose Jaw Ghostbusters batting - Pitching for Riverside Red Bulls : RHP Emílio Núñez
Batting: RHB John Major 0-0: Ball
1-0: Ball
2-0: Ball
3-0: Called Strike
3-1: Foul Ball, location: 2F
3-2: Strikes out swinging
Batting: RHB Paco Hernández 0-0: Ball
1-0: Ball
2-0: Ball
3-0: Base on Balls
Pitching: LHP Joe Phillips
Pinch Runner at 1st John Christopher:
Batting: LHB Dave Stewart 0-0: Called Strike
0-1: SINGLE (Groundball, 15) (infield hit)
John Christopher to second
Pitching: RHP Alberto Gutiérrez
Batting: RHB Luis Miguel Sánchez 0-0: Ball
1-0: Fly out, F9 (Line Drive, 89S)
Batting: RHB Ángel García 0-0: Called Strike
0-1: Ball
1-1: Ball
2-1: Foul Ball, location: 2F
2-2: Strikes out looking
Bottom of the 7th over - 0 run(s), 1 hit(s), 0 error(s), 2 left on base; Riverside 4 - Moose Jaw 2
TOP OF THE 8TH
Riverside Red Bulls batting - Pitching for Moose Jaw Ghostbusters : RHP Bennett Greer
Batting: LHB Paco Rivera 0-0: Ball
1-0: Ball
2-0: Foul Ball, location: 2F
2-1: Called Strike
2-2: Ball
3-2: Base on Balls
Batting: RHB Earnest Finnegan 0-0: Called Strike
0-1: 2-RUN HOME RUN (Flyball, 7D), Distance : 375 ft
Pitching: RHP Andrés Ruíz
Batting: RHB Brandon Pope 0-0: Ball
1-0: Foul Ball, location: 2F
1-1: Foul Ball, location: 2F
1-2: Strikes out swinging
Batting: LHB Mike Petersen 0-0: Ball
1-0: Ball
2-0: Foul Ball, location: 2F
2-1: Ball
3-1: Hit by Pitch
Batting: RHB Fernando Gálvez 0-0: Foul Ball, location: 2F
0-1: Fly out, F7 (Flyball, 78D)
Batting: RHB Kevin Brown 0-0: Ball
1-0: Ball
Mike Petersen steals 2nd base
2-0: Ball
3-0: Base on Balls
Batting: SHB Luis Alonso 0-0: Ball
1-0: Foul Ball, location: 2F
1-1: Foul Ball, location: 2F
1-2: Foul Ball, location: 2F
1-2: Ball
2-2: Fly out, F5 (Popup, 25)
Top of the 8th over - 2 run(s), 1 hit(s), 0 error(s), 2 left on base; Riverside 6 - Moose Jaw 2
BOTTOM OF THE 8TH
Moose Jaw Ghostbusters batting - Pitching for Riverside Red Bulls : RHP Alberto Gutiérrez
Batting: RHB Juan Vázquez 0-0: Ball
1-0: Ball
2-0: Ball
3-0: Base on Balls
Batting: LHB John Robbins 0-0: Ball
1-0: Foul Ball, location: 2F
1-1: Ball
2-1: Foul Ball, location: 2F
2-2: SINGLE (Groundball, 6MD)
Juan Vázquez to second
Pitching: RHP José López
Batting: RHB Dan Hooper 0-0: Ball
1-0: Fly out, F9 (Flyball, 9M)
Runner from 2nd tags up, SAFE at 3rd with throw
Batting: LHB Will Vale 0-0: Ball
1-0: Ball
2-0: Foul Ball, location: 2F
2-1: Ball
3-1: Swinging Strike
3-2: Foul Ball, location: 2F
3-2: Base on Balls
John Robbins to second
Batting: RHB John Major 0-0: Ball
1-0: Foul Ball, location: 2F
1-1: Foul Ball, location: 2F
1-2: Foul Ball, location: 2F
1-2: Strikes out swinging
Batting: LHB John Christopher 0-0: Ball
1-0: Called Strike
1-1: Swinging Strike
1-2: Ball
2-2: Foul Ball, location: 2F
2-2: Fly out, F7 (Flyball, 7LM)
Bottom of the 8th over - 0 run(s), 1 hit(s), 0 error(s), 3 left on base; Riverside 6 - Moose Jaw 2
TOP OF THE 9TH
Riverside Red Bulls batting - Pitching for Moose Jaw Ghostbusters : RHP Andrés Ruíz
Batting: RHB Tom Howe 0-0: Called Strike
0-1: Ball
1-1: Ball
2-1: Called Strike
2-2: Ball
3-2: Ground out 6-3 (Groundball, 6M)
Batting: RHB Pedro Mata 0-0: Foul Ball, location: 2F
0-1: Ball
1-1: Ball
2-1: Foul Ball, location: 2F
2-2: Ground out 6-3 (Groundball, 6)
Pitching: LHP Júlio Aguilar
Batting: LHB Paco Rivera 0-0: Ground out 4-3 (Groundball, 4M)
Top of the 9th over - 0 run(s), 0 hit(s), 0 error(s), 0 left on base; Riverside 6 - Moose Jaw 2
BOTTOM OF THE 9TH
Moose Jaw Ghostbusters batting - Pitching for Riverside Red Bulls : RHP José López
Batting: LHB Dave Stewart 0-0: Foul Ball, location: 2F
0-1: Called Strike
0-2: Ball
1-2: Foul Ball, location: 2F
1-2: Foul Ball, location: 2F
1-2: Ground out U3 (Groundball, 3)
Batting: RHB Luis Miguel Sánchez 0-0: Ball
1-0: Foul Ball, location: 2F
1-1: SINGLE (Groundball, 56D) (infield hit)
Batting: RHB Ángel García 0-0: Called Strike
0-1: Ball
1-1: Ball
2-1: Foul Ball, location: 2F
2-2: Ball
3-2: Strikes out looking
Batting: RHB Juan Vázquez 0-0: Foul Ball, location: 2F
0-1: Ground out 5-3 (Groundball, 5S)
Bottom of the 9th over - 0 run(s), 1 hit(s), 0 error(s), 1 left on base; Riverside 6 - Moose Jaw 2
Monday, December 5th, 2016 - OOTP Baseball 17.12 Build 75